 Dungeon Crawl Stone Soup version 0.27-a0-1319-geec4fb4e21 (webtiles) character file.

Game seed: 3473009348870279814

4 dickylongcocking the Scratcher (level 1, 0/9 HPs)
             Began as a Felid Transmuter on June 21, 2021.
             Slain by a bat (1 damage)
             ... on level 1 of the Dungeon.
             The game lasted 00:00:13 (369 turns).

dickylongcocking the Scratcher (Felid Transmuter)    Turns: 369, Time: 00:00:14

Health: 0/9        AC:  1    Str:  6    XL:     1   Next: 50%
Magic:  2/4        EV: 17    Int: 14    God:
Gold:   6          SH:  0    Dex: 16    Spells: 3/4 levels left
                                        Lives:  0   Deaths: 0

rFire    . . .     SeeInvis +     - Unarmed
rCold    . . .     Faith    .   (shield unavailable)
rNeg     . . .     Spirit   .   (armour unavailable)
rPois    .         Reflect  .   (helmet unavailable)
rElec    .         Harm     .   (cloak unavailable)
rCorr    .         Rampage  .   (gloves unavailable)
Will     .....                  (boots unavailable)
Stlth    +.........             (no amulet)
HPRegen  0.03/turn              (no ring)
MPRegen  0.09/turn              (no ring)

@: appendages, quick
A: horns 2, very small, claws 1, fangs 3, see invisible, speed 1, shaggy fur 1,
stealthy paws, no weapons or thrown items, no armour, multi-lived
a: End Transformation


You were on level 1 of the Dungeon.
You had temporarily grown beastly horns.
You visited 1 branch of the dungeon, and saw 1 of its levels.

You collected 6 gold pieces.

Inventory:

Jewellery
 a - a +6 ring of dexterity
Scrolls
 b - a scroll of enchant armour {unknown}


   Skills:
 - Level 1.0 Fighting
 - Level 2.6 Dodging
 * Level 3.3 Unarmed Combat
 - Level 2.0 Spellcasting
 - Level 2.1 Transmutations


You had 3 spell levels left.
You knew the following spells:

 Your Spells              Type           Power      Damage    Failure   Level
a - Beastly Appendage     Tmut           14%        N/A       10%         1

Your spell library contained the following spells:

 Spells                   Type           Power      Damage    Failure   Level
 Wereblood                Tmut           7%         N/A       14%         2
 Spider Form              Tmut/Pois      2%         N/A       41%         3
 Ice Form                 Ice/Tmut       4%         N/A       83%         4


Dungeon Overview and Level Annotations

Branches:
Dungeon (1/15)

Altars:

Shops:
D:1 *


Innate Abilities, Weirdness & Mutations

You have temporarily grown beastly horns.
You have sharp claws.
You have razor-sharp teeth.
You have supernaturally acute eyesight. (SInv)
You cover ground quickly. (Speed+)
You are covered in fur. (AC +1)
Your paws help you pounce on unaware monsters.
You are incapable of wielding weapons or throwing items.
You cannot wear armour.
You gain extra lives every three experience levels.


Message History

A goblin is nearby!
You grow a pair of large bovine horns.
You completely miss the goblin. Your headbutt misses the goblin.
The goblin hits you with a +0 dagger.
You claw the goblin!
You kill the goblin!
Your transformation is almost over.
Your horns disappear.
Key pressed, stopping explore.
You see here a +0 dagger.
No target in view!
Found a leather armour.
b - a scroll labelled ZAOXES XIEQE You now have 6 gold pieces.
You open the door.
There is an open door here.
You open the door.
A goblin comes into view. It is wielding a +0 dagger.
There is an open door here.
A goblin is nearby!
The goblin shouts!
You grow a pair of large bovine horns.
Your transformation is almost over.
A dart slug comes into view.
A bat comes into view.
You extend your transformation's duration.
The goblin barely misses you. The dart slug launches a dart at you.
The slug dart misses you.
You scratch the bat but do no damage. Your bite misses the bat.
The bat misses you. x2; The goblin hits you with a +0 dagger.
The dart slug launches a dart at you. The slug dart hits you.
Ouch! That really hurt!
* * * LOW HITPOINT WARNING * * *
You are too injured to fight recklessly!
Unknown command.
A kobold comes into view. It is wielding a +0 whip.
The bat hits you.
You die...

#......#.##.#......#
#......#)##..........
##.#####.#######.#.##
####.#####.###### .#.#
#...........#...# #
#...........#...#
#...........#...# #
#...........#...##.#.#
######.###..'@b.....K.
#####.# ####.g.#.##.
#.....# ##...# #.....#
#..#w# #.....# #..# #
#.....# #... #.....#
#..#. #.....# #.....
#####.# #... ..


You could see a dart slug, a goblin, a bat and a kobold (wandering).

Vanquished Creatures
  A goblin (D:1)
  A hobgoblin (D:1)
  2 kobolds (D:1)
4 creatures vanquished.

Notes
Turn   | Place    | Note
-------+----------+-------------------------------------------
     0 | D:1      | dickylongcocking the Felid Transmuter began the quest for
                  | the Orb.
     0 | D:1      | Reached XP level 1. HP: 9/9 MP: 4/4
   173 | D:1      | Found Buaguh's Assorted Antiques.
   369 | D:1      | Slain by a bat

Illustrated notes

Levels and vault maps discovered:
D:1:      dpeg_arrival_rooms_c, layout_basic, serial_shops, shop,
          minmay_small_reverse_x

Action                   || total
-------------------------++-------
Melee: Unarmed           ||    14
       Headbutt          ||     3
 Cast: Beastly Appendage ||     6
Dodge: Dodged            ||    12

Table legend: (Time is in decaauts)
 A = Elapsed time spent in this place.
 B = Non-inter-level travel time spent in this place.
 C = Inter-level travel time spent in this place.
 D = Time resting spent in this place.
 E = Time spent auto-exploring this place.
 F = Levels seen in this place.
 G = Mean time per level.
                   A        B        C        D        E       F      G
               +--------+--------+--------+--------+--------+-----+--------+
         Total |    343 |    343 |      0 |      0 |    303 |   1 |  343.0 |
       Dungeon |    343 |    343 |      0 |      0 |    303 |   1 |  343.0 |
               +--------+--------+--------+--------+--------+-----+--------+

Top non-repeatable levels by time:
     D:1: 343 daAuts
